 Dungeon Crawl Stone Soup version 0.27-a0-828-g8289197e94 (webtiles) character file.

Game seed: 17904847951352598352

16 polve the Changer (level 2, 0/23 HPs)
             Began as a Draconian Transmuter on Mar 30, 2021.
             Slain by a kobold
             ... wielding a +2 whip of electrocution
              (10 damage)
             ... on level 2 of the Dungeon.
             The game lasted 00:00:32 (1247 turns).

polve the Changer (Draconian Transmuter)            Turns: 1247, Time: 00:00:33

Health: 0/23       AC:  4    Str: 12    XL:     2   Next: 37%
Magic:  4/5        EV: 12    Int: 13    God:
Gold:   44         SH:  0    Dex: 11    Spells: 4/5 levels left

rFire    . . .     SeeInvis .     - Unarmed
rCold    . . .     Faith    .   (no shield)
rNeg     . . .     Spirit   .   (armour unavailable)
rPois    .         Reflect  .   (helmet restricted)
rElec    .         Harm     .   (no cloak)
rCorr    .         Rampage  .   (no gloves)
Will     .....                  (no boots)
Stlth    +.........             (no amulet)
HPRegen  0.07/turn              (no ring)
MPRegen  0.09/turn              (no ring)

@: very slightly contaminated
A: AC +4, unfitting armour, cold-blooded
a: no special abilities


You were on level 2 of the Dungeon.
You visited 1 branch of the dungeon, and saw 2 of its levels.

You collected 44 gold pieces.

Inventory:

Scrolls
 a - a scroll of torment {unknown}


   Skills:
 - Level 1.1 Fighting
 - Level 1.7 Dodging
 - Level 3.0 Unarmed Combat
 - Level 2.0 Spellcasting
 + Level 3.1 Transmutations


You had 4 spell levels left.
You knew the following spells:

 Your Spells              Type           Power      Damage    Failure   Level
a - Beastly Appendage     Tmut           18%        N/A       7%          1

Your spell library contained the following spells:

 Spells                   Type           Power      Damage    Failure   Level
 Wereblood                Tmut           9%         N/A       11%         2
 Spider Form              Tmut/Pois      2%         N/A       38%         3
 Ice Form                 Ice/Tmut       5%         N/A       80%         4
 Hydra Form               Tmut           4%         N/A       89%         5


Dungeon Overview and Level Annotations

Branches:
Dungeon (2/15)

Altars:


Innate Abilities, Weirdness & Mutations

Your plain brown scales are hard. (AC +4)
You cannot fit into any form of body armour.
You are cold-blooded and may be slowed by cold attacks.


Message History

Where to? (? - help)
There is a stone staircase leading down here.
You climb downwards.
You stumble into a teleport trap!
You are suddenly yanked towards some nearby monsters!
Your surroundings suddenly seem different.
Found three items.
Found a stone staircase leading up.
A hobgoblin and a kobold come into view.
The kobold is wielding a +2 whip of electrocution.
You see here 8 gold pieces.
You miscast Beastly Appendage.
You are very lightly contaminated with residual magic.
Nothing appears to happen.
Found a hand axe.
A ball python comes into view.
The kobold shouts!
The ball python hisses angrily.
The kobold hits you with a +2 whip of electrocution.
You closely miss the kobold. You barely miss the kobold.
Your tail-slap misses the kobold.
The kobold hits you with a +2 whip of electrocution!
You are too injured to fight recklessly!
You are too injured to fight recklessly!
You are too injured to fight recklessly!
You are too injured to fight recklessly!
You are too injured to fight recklessly!
You are too injured to fight recklessly!
You are too injured to fight recklessly!
You are too injured to fight recklessly!
You are too injured to fight recklessly!
You are too injured to fight recklessly!
You are too injured to fight recklessly!
You are too injured to fight recklessly!
You are too injured to fight recklessly!
You hit the kobold.
The kobold is severely wounded.
The kobold hits you with a +2 whip of electrocution.
You barely miss the kobold.
The kobold is severely wounded.
The kobold hits you with a +2 whip of electrocution.
You are electrocuted!
You die...

.........#. ...)...#..
......#.. #.......
###..?..# .....S##
#K....##
#.@....##.#######.. ..#
#.g..#......<......
<....##.######.#######..
#...$# ###..# ##.! #...
#.### #..


You could see a hobgoblin, a ball python and a kobold.

Vanquished Creatures
  4 endoplasms (D:1)
  2 quokkas (D:1)
  2 ball pythons (D:1)
  3 goblins (D:1)
  A kobold (D:1)
  3 rats (D:1)
15 creatures vanquished.

Notes
Turn   | Place    | Note
-------+----------+-------------------------------------------
     0 | D:1      | polve the Draconian Transmuter began the quest for the Orb.
     0 | D:1      | Reached XP level 1. HP: 16/16 MP: 3/3
   380 | D:1      | Reached XP level 2. HP: 4/23 MP: 3/5
  1247 | D:2      | Slain by a kobold

Illustrated notes

Levels and vault maps discovered:
D:1:      amcnicky_arrival_feature_with_door, layout_loops_ring,
          minmay_misc_feat_room
D:2:      layout_rooms, overflow_temple_1_default, grunt_temple_overflow_open,
          uniq_crazy_yiuf_cottage, uniq_robin

Skill      XL: |  1  2 |
---------------+-------+-----
Transmutations | 3 |  3.1
Fighting       | |  1.1
Dodging        | |  1.7
Unarmed Combat | |  3.0
Spellcasting   | |  2.0

Action                   || total
-------------------------++-------
Melee: Unarmed           ||    64
       Tailslap          ||     2
       Kick              ||     1
 Cast: Beastly Appendage ||     2
 Stab: Sleeping          ||     1
Armor: Skin              ||     9
Dodge: Dodged            ||    33

Table legend: (Time is in decaauts)
 A = Elapsed time spent in this place.
 B = Non-inter-level travel time spent in this place.
 C = Inter-level travel time spent in this place.
 D = Time resting spent in this place.
 E = Time spent auto-exploring this place.
 F = Levels seen in this place.
 G = Mean time per level.
                   A        B        C        D        E       F      G
               +--------+--------+--------+--------+--------+-----+--------+
         Total |   1248 |   1240 |      8 |      0 |   1131 |   2 |  624.0 |
       Dungeon |   1248 |   1240 |      8 |      0 |   1131 |   2 |  624.0 |
               +--------+--------+--------+--------+--------+-----+--------+

Top non-repeatable levels by time:
     D:1: 1241 daAuts
     D:2: 7 daAuts
